 Dungeon Crawl Stone Soup version 0.28.0-45-g0d030f2227 (webtiles) character file.

Game seed: 1528593194806343415

1699 seaoflcl the Carver (level 9, -2/67 HPs)
             Began as a Human Fighter on Apr 10, 2022.
             Was a Believer of Ru.
             Slain by a yak (9 damage)
             ... on level 7 of the Dungeon.
             The game lasted 00:13:47 (7842 turns).

seaoflcl the Carver (Human Fighter)                 Turns: 7842, Time: 00:13:48

Health: -2/67      AC: 14    Str: 25    XL:     9   Next: 23%
Magic:  9/9        EV:  8    Int:  9    God:    Ru [**....]
Gold:   155        SH:  5    Dex: 14    Spells: 8/8 levels left

rFire   . . .      SeeInvis .   w - +3 long sword (vorpal)
rCold   . . .      Faith    .   c - +0 buckler
rNeg    . . .      Spirit   .   f - +0 chain mail
rPois   +          Reflect  .   m - +0 helmet
rElec   .          Harm     .   (no cloak)
rCorr   .          Rampage  .   b - +0 pair of gloves
Will    .....                   r - +1 pair of boots
Stlth   ..........              (no amulet)
HPRegen 0.21/turn               e - ring of poison resistance
MPRegen 0.11/turn               n - +6 ring of strength

@: mighty
A: hated by all
a: Renounce Religion


You were on level 7 of the Dungeon.
You worshipped Ru.
Ru was pleased with you.
You visited 1 branch of the dungeon, and saw 7 of its levels.

You collected 301 gold pieces.
You spent 146 gold pieces at shops.

Inventory:

Hand Weapons
 a - a +0 long sword
 w - a +3 vorpal long sword (weapon)
Armour
 b - a +0 pair of gloves (worn)
 c - a +0 buckler (worn)
 f - a +0 chain mail (worn)
 m - a +0 helmet (worn)
 r - a +1 pair of boots (worn)
Jewellery
 e - a ring of poison resistance (left hand)
 n - a +6 ring of strength (right hand)
 x - a ring of protection from fire
 y - a ring of willpower
Wands
 i - a wand of flame (12) (quivered)
 o - a wand of paralysis (8)
 q - a wand of iceblast (4)
 u - a wand of charming (7)
Scrolls
 g - a scroll of immolation {unknown}
 h - a scroll of vulnerability {unknown}
 j - a scroll of acquirement {unknown}
 k - a scroll of enchant armour
 l - 2 scrolls of fear {unknown}
 B - a scroll of fog {unknown}
Potions
 p - 2 potions of lignification
 s - a potion of attraction
 z - a potion of mutation {unknown}
 A - a potion of ambrosia {unknown}


   Skills:
 + Level 4.9 Fighting
 + Level 8.3 Long Blades
 + Level 5.9 Armour
 + Level 1.6 Dodging
 + Level 1.3 Stealth
 + Level 4.4 Shields


You had 8 spell levels left.
You didn't know any spells.
Your spell library contained the following spells:

 Spells                   Type           Power      Damage    Failure   Level
 Apportation              Tloc           0%         N/A       97%         1
 Beastly Appendage        Tmut           0%         N/A       97%         1
 Pain                     Necr           0%         1d4       97%         1
 Corpse Rot               Necr/Air       0%         N/A       99%         2
 Sublimation of Blood     Necr           0%         N/A       99%         2
 Wereblood                Tmut           0%         N/A       99%         2
 Spider Form              Tmut/Pois      0%         N/A       100%        3
 Animate Skeleton         Necr           Unusable   N/A       N/A         1
 Summon Small Mammal      Summ           Unusable   N/A       N/A         1

Dungeon Overview and Level Annotations

Branches:
Dungeon (7/15)
 Temple: D:4-7

Altars:
Kikubaaqudgha
Ru
Sif Muna

Shops:
D:4 *   D:5 [


Innate Abilities, Weirdness & Mutations

You are hated by all.


Message History

You barely miss the yak.
The yak is severely wounded.
The yak barely misses you. The yak gores you but does no damage.
You redirect the yak's attack!
The yak gores itself!
You slice the yak!!
The yak is heavily wounded.
The yak gores you. The yak barely misses you. The yak gores you.
You barely miss the yak.
The yak is severely wounded.
The yak barely misses you. You block the yak's attack. x2
You hit the yak.
The yak is severely wounded.
The yak gores you but does no damage. The yak gores you!
The yak gores you but does no damage.
You slash the yak!
You kill the yak!
The yak closely misses you.
The yak is stunned by your conviction and fails to attack.
You slice the yak!!
The yak is severely wounded.
The yak closely misses you. The yak gores you.
You focus your inner power and illuminate the yak in retribution!
The yak gores you but does no damage.
You barely miss the yak.
The yak is heavily wounded.
The yak gores you!
* * * LOW HITPOINT WARNING * * *
The yak gores you!
* * * LOW HITPOINT WARNING * * *
The yak completely misses you.
As you read the scroll labelled VEGAOQAAP, it crumbles to dust.
It is a scroll of enchant armour.
Your +0 pair of boots glows green for a moment.
The yak gores you but does no damage. The yak gores you.
* * * LOW HITPOINT WARNING * * *
The yak barely misses you.
You feel very mighty all of a sudden. You block the yak's attack.
The yak gores you!
You die...

...(.............
................# #
................# .#
................# .## #
................# #..##..
................##......#
................#......#
..........<....#YY.....# #
..#.#..........Y@##....##..
###..####....#..## ......#
##..##..####..# .....
#..##..# ##)####..###
##.###.## ##...).# ##.##
#.# ####.## #.## #.# ###
### #.# ##.#


You could see 3 yaks.

Vanquished Creatures
  A hornet (D:5)
  A yak (D:7)
  A water moccasin (D:4)
  A two-headed ogre skeleton (D:4)
  An ice beast (D:5)
  2 black bears
  A manticore zombie (D:5)
  An ogre (D:5)
  A kobold brigand (D:7)
  A scorpion (D:4)
  2 wyvern zombies
  3 water moccasin skeletons
  A troll zombie (D:5)
  A yak skeleton (D:6)
  A bullfrog zombie (D:3)
  2 centaur zombies
  A gnoll shaman (D:5)
  A black bear zombie (D:5)
  4 hounds
  3 jellies
  A centaur skeleton (D:7)
  A bullfrog skeleton (D:5)
  2 iguanas
  A scorpion zombie (D:5)
  A killer bee zombie (D:6)
  2 kobold skeletons
  2 hound skeletons
  A howler monkey zombie (D:6)
  5 gnolls (D:6)
  2 howler monkey skeletons
  A steam dragon zombie (D:5)
  3 adders
  2 orc skeletons (D:5)
  A white imp (D:6)
  An adder zombie (D:4)
  An orc zombie (D:6)
  An adder skeleton (D:4)
  An iguana skeleton (D:6)
  An iguana zombie (D:4)
  3 worms
  4 dart slugs
  4 orcs
  3 bats
  A bat skeleton (D:5)
  6 endoplasms
  3 giant cockroaches
  2 goblins
  4 hobgoblins
  5 jackals
  4 quokkas
  6 ball pythons
  A ball python skeleton (D:4)
  2 ball python zombies
  7 frilled lizards
  2 frilled lizard skeletons
  A goblin skeleton (D:4)
  3 hobgoblin zombies
  12 kobolds
  A quokka skeleton (D:5)
  5 rats
139 creatures vanquished.

Vanquished Creatures (others)
  An iguana (D:4)
1 creature vanquished.

Grand Total: 140 creatures vanquished

Notes
Turn   | Place    | Note
-------+----------+-------------------------------------------
     0 | D:1      | seaoflcl the Human Fighter began the quest for the Orb.
     0 | D:1      | Reached XP level 1. HP: 18/18 MP: 1/1
   151 | D:1      | Found a faded altar of an unknown god.
   159 | D:1      | Reached XP level 2. HP: 22/24 MP: 2/2
   182 | D:1      | Prayed at the altar of an unknown god.
   182 | D:1      | Became a worshipper of Kikubaaqudgha
   182 | D:1      | Reached * piety under Kikubaaqudgha
   182 | D:1      | Received a gift from Kikubaaqudgha
   690 | D:1      | Reached XP level 3. HP: 29/29 MP: 3/3
   936 | D:2      | Reached skill level 3 in Long Blades
  1432 | D:2      | Reached XP level 4. HP: 26/35 MP: 4/4
  1593 | D:2      | Found a sacrificial altar of Ru.
  1617 | D:2      | Fell from the grace of Kikubaaqudgha
  1617 | D:2      | Became a worshipper of Ru the Awakened
  1970 | D:3      | Reached skill level 4 in Long Blades
  2060 | D:3      | Reached XP level 5. HP: 40/41 MP: 5/5
  2555 | D:4      | Noticed a water moccasin
  2567 | D:4      | Killed a water moccasin
  2568 | D:4      | Reached XP level 6. HP: 27/47 MP: 6/6
  2578 | D:4      | Reached skill level 5 in Long Blades
  2945 | D:4      | Found Jirub's General Store.
  2989 | D:4      | Gained mutation: You are hated by all. [Ru sacrifice]
  2989 | D:4      | Reached * piety under Ru
  2989 | D:4      | Reached ** piety under Ru
  3015 | D:4      | Found a shimmering blue altar of Sif Muna.
  3517 | D:4      | Noticed a black bear
  3523 | D:4      | Reached XP level 7. HP: 52/52 MP: 7/7
  3683 | D:4      | Bought a +1 vorpal long sword for 146 gold pieces
  4229 | D:5      | Entered Level 5 of the Dungeon
  4236 | D:5      | Reached skill level 6 in Long Blades
  4965 | D:5      | Reached XP level 8. HP: 50/60 MP: 8/8
  5103 | D:5      | Reached skill level 1 in Dodging
  6180 | D:5      | Noticed a hornet
  6186 | D:5      | Killed a hornet
  6187 | D:5      | Reached skill level 7 in Long Blades
  6187 | D:5      | Reached skill level 5 in Armour
  6372 | D:5      | Reached skill level 1 in Stealth
  6424 | D:5      | Found Rosolof's Antique Armour Shop.
  7378 | D:6      | Was forgiven by Kikubaaqudgha
  7407 | D:7      | Reached XP level 9. HP: 14/66 MP: 9/9
  7421 | D:7      | Reached skill level 8 in Long Blades
  7842 | D:7      | Slain by a yak

Illustrated notes

Levels and vault maps discovered:
D:1:      lightli_arrival_noodles, layout_loops_cross,
          hellmonk_ecumenical_altar_lost_god
D:2:      layout_loops_ring, basic_altar, minmay_lizard_pond
D:3:      layout_loops_ring, wander_ebering_terrifying_dragon_lair
D:4:      layout_basic, mainiacjoe_overflow_alcove_1, serial_shops,
          shop_fountains
D:5:      layout_loops_corners, serial_shops, shop
D:6:      layout_cave_pools, serial_shops, nicolae_shop_statue_plus,
          nicolae_shop_crystal, nicolae_shop_waterfront, shop,
          hellmonk_bongcloud_opening, uniq_grinder
D:7:      layout_layer_cave, minmay_temple_entry_fiery, nicolae_island_escapes,
          uniq_maggie

Skill      XL: |  1  2  3  4  5  6  7  8  9 |
---------------+----------------------------+-----
Long Blades    | 3 4 5 6 7 8 |  8.3
Armour         | 4 5 |  5.9
Fighting       | 4 |  4.9
Dodging        | 1 |  1.6
Stealth        | 1 |  1.3
Shields        | 4 |  4.4

Action                   |  1- 3 |  4- 6 |  7- 9 || total
-------------------------+-------+-------+-------++-------
Melee: Long sword        |   102 |   140 |   277 ||   519
Invok: Sacrifice Love    |       |     1 |       ||     1
  Use: Scroll            |       |     1 |     5 ||     6
       Potion            |       |       |     7 ||     7
 Stab: Distracted        |       |       |     1 ||     1
Armor: Scale mail        |    19 |       |       ||    19
       Chain mail        |    53 |    72 |   181 ||   306
Dodge: Dodged            |    35 |    72 |   106 ||   213
Block: Buckler           |    21 |    28 |    65 ||   114
